| TOP OF THE 1ST |
|
Midland RockHounds batting - Pitching for Frisco RoughRiders : RHP Joe Pattullo
|
|
Pitching: RHP Joe Pattullo
|
|
|
Batting: RHB Niek de Haan
|
0-0: Ball 1-0: Ball 2-0: Ground out 5-3 (Groundball, 5, EV 102.5 MPH)
|
|
Batting: RHB Larry Clark
|
0-0: Called Strike 0-1: Called Strike 0-2: Strikes out swinging
|
|
Batting: RHB Todd Vanasco
|
0-0: Ball 1-0: Swinging Strike 1-1: Called Strike 1-2: Strikes out swinging
|
| Top of the 1st over - 0 runs, 0 hits, 0 errors, 0 left on base; Midland 0 - Frisco 0 |
| BOTTOM OF THE 1ST |
|
Frisco RoughRiders batting - Pitching for Midland RockHounds : LHP Katsumi Takaki
|
|
Pitching: LHP Katsumi Takaki
|
|
|
Batting: RHB Sean Neuroth
|
0-0: Swinging Strike 0-1: Foul Ball, location: 2F 0-2: Ball 1-2: Ground out 4-3 (Groundball, 4, EV 97.5 MPH)
|
|
Batting: RHB Doug Hammertime
|
0-0: Swinging Strike 0-1: Swinging Strike 0-2: Foul Ball, location: 2F 0-2: Strikes out swinging
|
|
Batting: RHB Josh Ferguson
|
0-0: Ball 1-0: Ball 2-0: Called Strike 2-1: Ground out 5-3 (Groundball, 56, EV 98.8 MPH)
|
| Bottom of the 1st over - 0 runs, 0 hits, 0 errors, 0 left on base; Midland 0 - Frisco 0 |
| TOP OF THE 2ND |
|
Midland RockHounds batting - Pitching for Frisco RoughRiders : RHP Joe Pattullo
|
|
Batting: LHB Nick Pacheco
|
0-0: Called Strike 0-1: Ball 1-1: Ball 2-1: Swinging Strike 2-2: Foul Ball, location: 2F 2-2: Ball 3-2: Foul Ball, location: 2F 3-2: SINGLE (Groundball, 34D, EV 94.4 MPH)
|
|
Batting: RHB Matt Sherard
|
0-0: Called Strike 0-1: Swinging Strike 0-2: Ball 1-2: Ball 2-2: SINGLE (Groundball, 25, EV 66.2 MPH) (infield hit) Nick Pacheco to second
|
|
Batting: RHB Tony Crespo
|
0-0: SINGLE (Line Drive, 4MD, EV 109.4 MPH) Nick Pacheco to third Matt Sherard to second
|
|
Batting: RHB Walt Alaniz
|
0-0: Ball Wild Pitch! Nick Pacheco scores Matt Sherard to third Tony Crespo to second 1-0: Foul Ball, location: 2F 1-1: Ground out 6-3 (Groundball, 6, EV 81.2 MPH) Matt Sherard scores Tony Crespo to third
|
|
Batting: RHB David Sharp
|
0-0: Swinging Strike 0-1: Called Strike 0-2: Ball 1-2: Strikes out swinging
|
|
Batting: RHB Moses Brokken
|
0-0: Ball 1-0: Called Strike 1-1: Called Strike 1-2: Ball 2-2: Ball 3-2: Strikes out swinging
|
| Top of the 2nd over - 2 runs, 3 hits, 0 errors, 1 left on base; Midland 2 - Frisco 0 |
| BOTTOM OF THE 2ND |
|
Frisco RoughRiders batting - Pitching for Midland RockHounds : LHP Katsumi Takaki
|
|
Batting: RHB Andrew Clarke
|
0-0: Swinging Strike 0-1: Ball 1-1: Ball 2-1: Ball 3-1: Ground out 6-3 (Groundball, 6, EV 101.2 MPH)
|
|
Batting: RHB Chance Lamb
|
0-0: Ball 1-0: Called Strike 1-1: Ball 2-1: Ball 3-1: Foul Ball, location: 2F 3-2: Base on Balls
|
|
Batting: RHB Jose Pineda
|
0-0: Called Strike 0-1: Swinging Strike 0-2: Foul Ball, location: 2F 0-2: Ball 1-2: Fielders Choice at 2nd, 4-6 (Groundball, 34, EV 88.8 MPH)
|
|
Batting: RHB Dale Aubrey
|
0-0: Ball 1-0: Called Strike Jose Pineda is caught stealing 2nd base 2-4
|
| Bottom of the 2nd over - 0 runs, 0 hits, 0 errors, 0 left on base; Midland 2 - Frisco 0 |
| TOP OF THE 3RD |
|
Midland RockHounds batting - Pitching for Frisco RoughRiders : RHP Joe Pattullo
|
|
Batting: RHB Niek de Haan
|
0-0: Called Strike 0-1: Ball 1-1: Ball 2-1: Foul Ball, location: 2F 2-2: Foul Ball, location: 2F 2-2: Ball 3-2: Foul Ball, location: 2F 3-2: Foul Ball, location: 2F 3-2: Ground out U3 (Groundball, 34S, EV 88.1 MPH)
|
|
Batting: RHB Larry Clark
|
0-0: Ball 1-0: Called Strike 1-1: Fly out, F8 (Flyball, 8LM, EV 93.1 MPH)
|
|
Batting: RHB Todd Vanasco
|
0-0: Ball 1-0: Ball 2-0: Called Strike 2-1: Swinging Strike 2-2: Ground out 6-3 (Groundball, 6, EV 106.2 MPH)
|
| Top of the 3rd over - 0 runs, 0 hits, 0 errors, 0 left on base; Midland 2 - Frisco 0 |
| BOTTOM OF THE 3RD |
|
Frisco RoughRiders batting - Pitching for Midland RockHounds : LHP Katsumi Takaki
|
|
Batting: RHB Dale Aubrey
|
0-0: Ball 1-0: Foul Ball, location: 2F 1-1: Ground out 6-3 (Groundball, P, EV 83.8 MPH)
|
|
Batting: RHB Joe Kemp
|
0-0: Ball 1-0: Ball 2-0: Called Strike 2-1: Swinging Strike 2-2: Ball 3-2: Base on Balls
|
|
Batting: RHB Matt Sanders
|
0-0: Ball 1-0: Called Strike 1-1: Foul Ball, location: 2F 1-2: Strikes out swinging
|
|
Batting: RHB Sean Neuroth
|
0-0: Called Strike 0-1: Fly out, F9 (Flyball, 9D, EV 70.0 MPH)
|
| Bottom of the 3rd over - 0 runs, 0 hits, 0 errors, 1 left on base; Midland 2 - Frisco 0 |
| TOP OF THE 4TH |
|
Midland RockHounds batting - Pitching for Frisco RoughRiders : RHP Joe Pattullo
|
|
Batting: LHB Nick Pacheco
|
0-0: Called Strike 0-1: Ball 1-1: Swinging Strike 1-2: Ball 2-2: Strikes out swinging
|
|
Batting: RHB Matt Sherard
|
0-0: Ball 1-0: Ball 2-0: Ball 3-0: Called Strike 3-1: Foul Ball, location: 2F 3-2: Foul Ball, location: 2F 3-2: SOLO HOME RUN (Flyball, 7LD, EV 92.5 MPH), Distance : 367 ft
|
|
Batting: RHB Tony Crespo
|
0-0: Called Strike 0-1: Ball 1-1: Ball 2-1: Ball 3-1: Base on Balls
|
|
Batting: RHB Walt Alaniz
|
0-0: Called Strike 0-1: Fly out, F3 (Popup, 3SF, EV 72.5 MPH)
|
|
Batting: RHB David Sharp
|
0-0: Ball 1-0: SINGLE (Groundball, 6MD, EV 108.8 MPH) Tony Crespo to second Runner from 2nd tries for 3rd, SAFE, throw by CF made to third
|
|
Batting: RHB Moses Brokken
|
0-0: Called Strike 0-1: Foul Ball, location: 2F 0-2: Ball 1-2: Foul Ball, location: 2F 1-2: Foul Ball, location: 2F 1-2: Strikes out swinging
|
| Top of the 4th over - 1 run, 2 hits, 0 errors, 2 left on base; Midland 3 - Frisco 0 |
| BOTTOM OF THE 4TH |
|
Frisco RoughRiders batting - Pitching for Midland RockHounds : LHP Katsumi Takaki
|
|
Batting: RHB Doug Hammertime
|
0-0: Ball 1-0: Foul Ball, location: 2F 1-1: Called Strike 1-2: Strikes out looking
|
|
Batting: RHB Josh Ferguson
|
0-0: Ground out 5-3 (Groundball, 5, EV 82.5 MPH)
|
|
Batting: RHB Andrew Clarke
|
0-0: Ball 1-0: Foul Ball, location: 2F 1-1: Ground out U3 (Groundball, 3S, EV 88.1 MPH)
|
| Bottom of the 4th over - 0 runs, 0 hits, 0 errors, 0 left on base; Midland 3 - Frisco 0 |
| TOP OF THE 5TH |
|
Midland RockHounds batting - Pitching for Frisco RoughRiders : RHP Joe Pattullo
|
|
Batting: RHB Niek de Haan
|
0-0: Called Strike 0-1: Ball 1-1: SINGLE (Groundball, 34D, EV 95.6 MPH)
|
|
Batting: RHB Larry Clark
|
0-0: Called Strike 0-1: Ball 1-1: Called Strike 1-2: Strikes out swinging
|
|
Batting: RHB Todd Vanasco
|
0-0: Ball 1-0: Called Strike 1-1: Ball 2-1: Ball 3-1: Swinging Strike 3-2: Base on Balls Niek de Haan to second
|
|
Batting: LHB Nick Pacheco
|
0-0: Swinging Strike 0-1: Ball 1-1: Foul Ball, location: 2F 1-2: Foul Ball, location: 2F 1-2: Foul Ball, location: 2F 1-2: Foul Ball, location: 2F 1-2: Strikes out swinging
|
|
Pitching: RHP Taylor Drews
|
|
|
Batting: RHB Matt Sherard
|
0-0: Foul Ball, location: 2F 0-1: Ball 1-1: Swinging Strike 1-2: Foul Ball, location: 2F 1-2: Ball 2-2: Foul Ball, location: 2F 2-2: Foul Ball, location: 2F 2-2: Foul Ball, location: 2F 2-2: Fly out, F5 (Line Drive, 5, EV 73.1 MPH)
|
| Top of the 5th over - 0 runs, 1 hit, 0 errors, 2 left on base; Midland 3 - Frisco 0 |
| BOTTOM OF THE 5TH |
|
Frisco RoughRiders batting - Pitching for Midland RockHounds : LHP Katsumi Takaki
|
|
Batting: RHB Chance Lamb
|
0-0: Ball 1-0: Called Strike 1-1: Ball 2-1: Foul Ball, location: 2F 2-2: Ball 3-2: Strikes out swinging
|
|
Batting: RHB Jose Pineda
|
0-0: Ball 1-0: Foul Ball, location: 2F 1-1: Ball 2-1: Foul Ball, location: 2F 2-2: DOUBLE (Groundball, 5L, EV 104.4 MPH)
|
|
Batting: RHB Dale Aubrey
|
0-0: Called Strike 0-1: Ball 1-1: DOUBLE (Flyball, 78XD, EV 101.2 MPH) Jose Pineda scores
|
|
Batting: RHB Joe Kemp
|
0-0: Called Strike 0-1: Foul Ball, location: 2F 0-2: Ball 1-2: Ground out 6-3 (Groundball, 6, EV 83.1 MPH) Dale Aubrey to third
|
|
Batting: RHB Matt Sanders
|
0-0: Ball 1-0: Foul Ball, location: 2F 1-1: Ball 2-1: Foul Ball, location: 2F 2-2: Ball 3-2: Fly out, F8 (Flyball, 89XD, EV 104.4 MPH)
|
| Bottom of the 5th over - 1 run, 2 hits, 0 errors, 1 left on base; Midland 3 - Frisco 1 |
| TOP OF THE 6TH |
|
Midland RockHounds batting - Pitching for Frisco RoughRiders : RHP Taylor Drews
|
|
Batting: RHB Tony Crespo
|
0-0: Ball 1-0: Swinging Strike 1-1: Foul Ball, location: 2F 1-2: Strikes out looking
|
|
Batting: RHB Walt Alaniz
|
0-0: Ball 1-0: Ball 2-0: Called Strike 2-1: Foul Ball, location: 2F 2-2: Fly out, F6 (Line Drive, 6, EV 71.2 MPH)
|
|
Batting: RHB David Sharp
|
0-0: Ball 1-0: Ball 2-0: Ball 3-0: Fly out, F4 (Popup, 13, EV 88.8 MPH)
|
| Top of the 6th over - 0 runs, 0 hits, 0 errors, 0 left on base; Midland 3 - Frisco 1 |
| BOTTOM OF THE 6TH |
|
Frisco RoughRiders batting - Pitching for Midland RockHounds : LHP Katsumi Takaki
|
|
Batting: RHB Sean Neuroth
|
0-0: Fly out, F9 (Flyball, 89M, EV 82.5 MPH)
|
|
Batting: RHB Doug Hammertime
|
0-0: Foul Ball, location: 2F 0-1: Ball 1-1: Ball 2-1: Ball 3-1: Base on Balls
|
|
Batting: RHB Josh Ferguson
|
0-0: Ball 1-0: Called Strike 1-1: Foul Ball, location: 2F 1-2: Ball 2-2: SINGLE (Flyball, 8RS, EV 96.9 MPH) Doug Hammertime to second Throwing error, E8 Doug Hammertime scores Josh Ferguson to second
|
|
Batting: RHB Andrew Clarke
|
0-0: Ball 1-0: Ball 2-0: Called Strike 2-1: Fly out, F2 (Popup, 23F, EV 80.6 MPH)
|
|
Batting: RHB Chance Lamb
|
0-0: Foul Ball, location: 2F 0-1: Called Strike 0-2: Ball 1-2: Ball 2-2: Ball 3-2: Strikes out swinging
|
| Bottom of the 6th over - 1 run, 1 hit, 1 error, 1 left on base; Midland 3 - Frisco 2 |
| TOP OF THE 7TH |
|
Midland RockHounds batting - Pitching for Frisco RoughRiders : RHP Taylor Drews
|
|
Pitching: RHP Victor Morin
|
|
|
Batting: RHB Moses Brokken
|
0-0: Fly out, F9 (Flyball, 89M, EV 82.5 MPH)
|
|
Batting: RHB Niek de Haan
|
0-0: SINGLE (Line Drive, 34, EV 111.9 MPH)
|
|
Batting: RHB Larry Clark
|
0-0: SINGLE (Line Drive, 7LS, EV 88.1 MPH) Niek de Haan to second
|
|
Batting: RHB Todd Vanasco
|
0-0: Ball 1-0: Ball 2-0: Swinging Strike 2-1: Foul Ball, location: 2F 2-2: Strikes out looking
|
|
Pitching: LHP Francisco Rivas
|
|
|
Batting: RHB Gojko Golob
|
0-0: Called Strike 0-1: Called Strike 0-2: Ball 1-2: Foul Ball, location: 2F 1-2: Foul Ball, location: 2F 1-2: Ground out 4-3 (Groundball, 4, EV 100.6 MPH)
|
| Top of the 7th over - 0 runs, 2 hits, 0 errors, 2 left on base; Midland 3 - Frisco 2 |
| BOTTOM OF THE 7TH |
|
Frisco RoughRiders batting - Pitching for Midland RockHounds : LHP Katsumi Takaki
|
|
Batting: RHB Jose Pineda
|
0-0: Called Strike 0-1: Ground out 5-3 (Groundball, 56S, EV 79.4 MPH)
|
|
Batting: RHB Dale Aubrey
|
0-0: Ball 1-0: Ball 2-0: Ball 3-0: Called Strike 3-1: TRIPLE (Line Drive, 89XD, EV 102.5 MPH)
|
|
Pitching: RHP Chad Cooper
|
|
|
Pinch Hitting: LHB Alfonso Collazo
|
0-0: Called Strike 0-1: Ground out U3 (Groundball, 3, EV 91.2 MPH)
|
|
Pinch Hitting: LHB Yasahiko Teshima
|
0-0: Called Strike 0-1: SINGLE (Groundball, 3S, EV 73.1 MPH) (infield hit) Dale Aubrey scores
|
|
Pinch Hitting: LHB Pauli Gassinger
|
0-0: Called Strike Yasahiko Teshima is caught stealing 2nd base 2-6
|
| Bottom of the 7th over - 1 run, 2 hits, 0 errors, 0 left on base; Midland 3 - Frisco 3 |
| TOP OF THE 8TH |
|
Midland RockHounds batting - Pitching for Frisco RoughRiders : LHP Francisco Rivas
|
|
Now at 1B: Yasahiko Teshima
|
|
|
Now at 2B: Doug Hammertime
|
|
|
Now at SS: Chance Lamb
|
|
|
Now in LF: Pauli Gassinger
|
|
|
Now in CF: Dale Aubrey
|
|
|
Now in RF: Alfonso Collazo
|
|
|
Batting: RHB Matt Sherard
|
0-0: Called Strike 0-1: Ball 1-1: Foul Ball, location: 2F 1-2: Ground out 5-3 (Groundball, 56, EV 105.0 MPH)
|
|
Batting: RHB Tony Crespo
|
0-0: Ball 1-0: Called Strike 1-1: Foul Ball, location: 2F 1-2: Ball 2-2: Ground out 6-3 (Groundball, 6, EV 89.4 MPH)
|
|
Batting: RHB Walt Alaniz
|
0-0: Fly out, F3 (Line Drive, 34, EV 63.1 MPH)
|
| Top of the 8th over - 0 runs, 0 hits, 0 errors, 0 left on base; Midland 3 - Frisco 3 |
| BOTTOM OF THE 8TH |
|
Frisco RoughRiders batting - Pitching for Midland RockHounds : RHP Chad Cooper
|
|
Batting: LHB Pauli Gassinger
|
0-0: Ball 1-0: Fly out, F8 (Flyball, 78D, EV 108.1 MPH)
|
|
Batting: RHB Doug Hammertime
|
0-0: Ball 1-0: Swinging Strike 1-1: Ball 2-1: Foul Ball, location: 2F 2-2: Ball 3-2: Base on Balls
|
|
Batting: RHB Josh Ferguson
|
0-0: Called Strike 0-1: Swinging Strike 0-2: Ground out 5-3 (Groundball, 56S, EV 65.6 MPH) Doug Hammertime to second
|
|
Batting: RHB Andrew Clarke
|
0-0: Ball 1-0: Foul Ball, location: 2F 1-1: Foul Ball, location: 2F 1-2: Ball 2-2: Ball 3-2: SINGLE (Line Drive, 9LS, EV 91.2 MPH) Doug Hammertime to third Runner from 3rd tries for Home, SAFE, throw by RF to home
|
|
Pinch Hitting: SHB David Simpson
|
0-0: Ball 1-0: Foul Ball, location: 2F 1-1: Ball 2-1: Ball 3-1: Called Strike 3-2: Ground out 1-3 (Groundball, 13S, EV 63.8 MPH)
|
| Bottom of the 8th over - 1 run, 1 hit, 0 errors, 1 left on base; Midland 3 - Frisco 4 |
| TOP OF THE 9TH |
|
Midland RockHounds batting - Pitching for Frisco RoughRiders : LHP Francisco Rivas
|
|
Pitching: LHP Valery Sahanov
|
|
|
Now at 1B: Yat-sen Zhu
|
|
|
Now at SS: Brace Harper
|
|
|
Batting: RHB David Sharp
|
0-0: Foul Ball, location: 2F 0-1: Fly out, F4 (Popup, 34, EV 63.1 MPH)
|
|
Batting: RHB Moses Brokken
|
0-0: Called Strike 0-1: Ball 1-1: Ball 2-1: Fly out, F9 (Flyball, 89S, EV 88.1 MPH)
|
|
Batting: RHB Niek de Haan
|
0-0: SINGLE (Groundball, 6D, EV 109.4 MPH)
|
|
Batting: RHB Larry Clark
|
0-0: Ball 1-0: Fly out, F7 (Flyball, 78M, EV 74.4 MPH)
|
| Top of the 9th over - 0 runs, 1 hit, 0 errors, 1 left on base; Midland 3 - Frisco 4 |
|